 Dungeon Crawl Stone Soup version 0.30-a0-218-gedb9141078 (webtiles) character file.

Game seed: 16375165262155747474

3225 Minion the Basher (level 10, -2/80 HPs)
             Began as a Meteoran Fighter on Oct 5, 2022.
             Was a Plaything of Xom.
             Slain by Amaemon the spriggan
             ... wielding a +0 demon whip of venom
              (9 damage)
             ... on level 7 of the Dungeon.
             The game lasted 00:20:07 (4959 turns).

Minion the Basher (Meteoran Fighter)                Turns: 4959, Time: 00:20:08

Health: -2/80      AC:  7    Str: 21 (22) XL:     10   Next: 40%
Magic:  3/3        EV: 12    Int: 14 (16) God:    Xom [*.....]
Gold:   628        SH:  0    Dex:  8 (9)  Spells: 9/9 levels left

rFire   . . .      SeeInvis .    E - +2 whip "Kuxeir" {antimagic, rPois rN+ Int+6 Dex-5}
rCold   . . .      Faith    .    c - +0 buckler
rNeg    + . .      Spirit   .    m - +0 steam dragon scales
rPois   +          Reflect  .    (no helmet)
rElec   .          Harm     .    v - +0 cloak
rCorr   .          Rampage  .    (no gloves)
Will    ++...                    (no boots)
Stlth   +.........               (no amulet)
HPRegen 0.33/turn                q - ring of willpower
MPRegen 0.08/turn                C - +4 ring of slaying

@: confused, lethally poisoned (-2 -> -7), ambrosia-drunk, glowing, bezotted
A: sense surroundings 2, otherworldly, glowing, explore regen
a: Renounce Religion


You were on level 7 of the Dungeon.
You worshipped Xom.
You were a special plaything of Xom.
You visited 1 branch of the dungeon, and saw 8 of its levels.

You collected 988 gold pieces.
You spent 360 gold pieces at shops.

Inventory:

Hand Weapons
 E - the +2 whip "Kuxeir" (weapon) {antimagic, rPois rN+ Int+6 Dex-5}
   (You bought it in a shop on level 6 of the Dungeon)

   It reduces the magical energy of the wielder, and disrupts the spells and
   magical abilities of those it strikes.
   Natural abilities and divine invocations are not affected.
   Int:       It affects your intelligence (+6).
   Dex:       It affects your dexterity (-5).
   rPois:     It protects you from poison.
   rN:        It protects you from negative energy.
Armour
 c - a +0 buckler (worn)
 m - +0 steam dragon scales (worn)
 v - a +0 cloak (worn)
Jewellery
 q - a ring of willpower (left hand)
 B - a ring of see invisible
 C - a +4 ring of slaying (right hand)
Wands
 y - a wand of polymorph (20)
 z - a wand of flame (20)
 A - a wand of acid (19)
Scrolls
 i - 6 scrolls of teleportation
 n - a scroll of identify
 p - 3 scrolls of amnesia
 u - 3 scrolls of magic mapping
 w - 2 scrolls of enchant armour
Potions
 d - 3 potions of might
 e - a potion of attraction
 f - 2 potions of degeneration
 g - a potion of mutation
 s - a potion of brilliance


   Skills:
 + Level 8.3 Fighting
 + Level 13.4 Maces & Flails
 + Level 5.4 Armour
 + Level 3.5 Dodging
 + Level 5.4 Shields


You had 9 spell levels left.
You didn't know any spells.
Your spell library contained the following spells:

 Spells                   Type           Power      Damage    Failure   Level
 Summon Small Mammal      Summ           0%         N/A       36%         1
 Ensorcelled Hibernation  Hex/Ice        0%         N/A       50%         2
 Call Canine Familiar     Summ           0%         N/A       73%         3
 Dazzling Flash           Conj/Hex       0%         N/A       73%         3
 Kindle Blastsparks       Fire/Tloc/Air  0%         2d10      73%         3
 Spider Form              Tmut/Pois      0%         N/A       73%         3
 Summon Guardian Golem    Hex/Summ       0%         N/A       73%         3
 Anguish                  Hex/Necr       0%         N/A       98%         4
 Fulminant Prism          Conj/Hex       0%         3d6       98%         4
 Iskenderun's Mystic Bla  Conj/Tloc      0%         2d3       98%         4
 Summon Lightning Spire   Summ/Air       0%         N/A       98%         4
 Agony                    Necr           0%         N/A       100%        5
 Fireball                 Conj/Fire      0%         3d3       100%        5
 Lee's Rapid Deconstruct  Erth           0%         3d5*      100%        5
 Silence                  Hex/Air        0%         N/A       100%        5


Dungeon Overview and Level Annotations

Branches:
Dungeon (8/15) Zot: 80     Temple (0/1) D:7
   Lair: D:8-11

Altars:
Fedhas
Gozag
Kikubaaqudgha
Okawaru
Qazlal
Xom
The Shining One

Shops:
D:5 *   D:6 (

Annotations:
D:7 Amaemon


Innate Abilities, Weirdness & Mutations

You passively map the area around you.
You are easily found by Zot.
You glow in the dark.
You regain HP and MP as you explore.


Message History

It was a potion of brilliance.
You feel clever all of a sudden.
Xom thinks this is hilarious!
An orc comes into view. It is wielding a +0 dagger.
Amaemon closely misses you. Amaemon barely misses you.
You fly upwards.
There is a stone staircase leading down, spattered with blood here.
You miss Amaemon.
Xom's malign attention turns to you for a moment.
Your body is wracked with pain!
* * * LOW HITPOINT WARNING * * *
You closely miss Amaemon.
Amaemon sings, "Eyes close, heart stop, nighty-night for you..."
Amaemon hits you with a +0 demon whip of venom.
* * * LOW HITPOINT WARNING * * *
"This might be better!"
Amaemon seems to grow stronger.
You block Amaemon's attack.
Items here: ))) [[ รทรท.
It was a potion of cancellation.
Your magical effects are unravelling.
You feel magically purged.
Xom roars with laughter!
You float gracefully downwards.
You feel a little less mighty now.
You feel a little less clever now.
You are no longer corroded.
Amaemon hits you with a +0 demon whip of venom.
* * * LOW HITPOINT WARNING * * *
You are lethally poisoned!
It was a potion of magic.
Magic courses through your body.
Xom roars with laughter!
* * * LOW HITPOINT WARNING * * *
You feel very sick. Amaemon closely misses you.
It was a potion of ambrosia.
You are confused.
You feel invigorated.
You feel sick.
Amaemon hits you with a +0 demon whip of venom!
You die...
Xom chortles!

#.##.# #.....# , ,, #.##.#
#.....# * , #.##.#####.....#
h...., #####.##.....'.....#####*
....., #.....########..........
........
#....................#####.......
#..############......##..........
#..#......####.......##.........#
#............#(#@.#####.........#
##.#.........#>i......'.........#
#.#.........##########.........#
#.#.........# #####.........#
#.#.........######......####'###
#.#.....................+.......
#.#.........##..........#######.
#.#..........+..................
#.#.......####.....##....###....


You could see Amaemon the spriggan (strong).

Vanquished Creatures
  Pikel (D:5)
  An orange demon (D:7)
  A steam dragon (D:8)
  Menkaure (D:5)
  A water moccasin (D:8)
  A sky beast (D:7)
  2 orc warriors (D:7)
  An ice beast (D:5)
  2 black bears
  2 phantoms
  2 bullfrogs
  A gnoll sergeant (D:6)
  2 scorpions
  5 wights (D:7)
  A howler monkey (D:6)
  2 jellies (D:6)
  3 orc priests
  8 hounds
  An iguana (D:7)
  5 orc wizards
  7 gnolls
  9 adders
  A shadow imp (D:7)
  2 worms
  22 orcs
  7 ball pythons
  12 endoplasms
  3 giant cockroaches
  9 goblins
  9 hobgoblins
  11 jackals
  A quokka (D:4)
  8 bats
  4 frilled lizards
  7 kobolds
  8 rats
163 creatures vanquished.

Notes
Turn   | Place    | Note
-------+----------+-------------------------------------------
     0 | D:1      | Minion the Meteoran Fighter began the quest for the Orb.
     0 | D:1      | Reached XP level 1. HP: 19/19 MP: 2/2
   105 | D:1      | Reached XP level 2. HP: 26/26 MP: 3/3
   149 | D:1      | Reached skill level 3 in Maces & Flails
   319 | D:1      | Reached XP level 3. HP: 31/31 MP: 4/4
   486 | D:1      | Glimpsed the power of Zot.
   536 | D:1      | Glimpsed the power of Zot.
   573 | D:1      | Reached skill level 4 in Maces & Flails
   575 | D:1      | Glimpsed the power of Zot.
   585 | D:1      | Touched by the power of Zot.
   702 | D:2      | Reached XP level 4. HP: 17/29 MP: 5/5
   768 | D:2      | Reached skill level 5 in Maces & Flails
   907 | D:2      | Found a faded altar of an unknown god.
   942 | D:2      | Prayed at the altar of an unknown god.
   942 | D:2      | Became a worshipper of Xom of Chaos
  1154 | D:3      | Reached XP level 5. HP: 34/36 MP: 6/6
  1290 | D:3      | Reached skill level 6 in Maces & Flails
  1382 | D:3      | XOM: divination: detect creatures
  1506 | D:3      | XOM: silly message
  1778 | D:3      | XOM: torment (19/36 hp)
  1817 | D:4      | XOM: smoke on damage
  1852 | D:4      | XOM: potion effect (haste)
  1860 | D:4      | Reached XP level 6. HP: 42/42 MP: 7/7
  1944 | D:4      | Reached skill level 7 in Maces & Flails
  1956 | D:4      | XOM: divination: detect items
  2042 | D:4      | Reached skill level 8 in Maces & Flails
  2074 | D:4      | XOM: noise
  2085 | D:4      | Reached XP level 7. HP: 45/48 MP: 8/8
  2137 | D:4      | Got the Tome of Pyromania and the Comitatus
  2207 | D:4      | Reached skill level 9 in Maces & Flails
  2475 | D:5      | Entered Level 5 of the Dungeon
  2488 | D:5      | XOM: enchant monster (bad)
  2497 | D:5      | Reached skill level 10 in Maces & Flails
  2497 | D:5      | Reached XP level 8. HP: 50/55 MP: 9/9
  2734 | D:5      | Found Vifompuf's CLEARANCE SALE!.
  2742 | D:5      | Bought 2 scrolls of enchant armour for 90 gold pieces
  2742 | D:5      | Bought a scroll of magic mapping for 45 gold pieces
  2829 | D:5      | XOM: cloud trail
  2845 | D:5      | XOM: 3-stop teleportation journey
  2904 | D:5      | Reached skill level 5 in Fighting
  2904 | D:5      | Reached skill level 11 in Maces & Flails
  2924 | D:5      | Found a blossoming altar of Fedhas.
  2924 | D:5      | Found an ancient bone altar of Kikubaaqudgha.
  3030 | D:5      | Noticed Menkaure
  3030 | D:5      | XOM: divination: detect creatures
  3032 | D:5      | XOM: potion effect (might)
  3036 | D:5      | Killed Menkaure
  3050 | D:5      | Noticed Pikel
  3059 | D:5      | Killed Pikel
  3060 | D:5      | Reached skill level 12 in Maces & Flails
  3060 | D:5      | Gained mutation: You passively map the area around you.
                  | [Meteoran growth]
  3060 | D:5      | Reached XP level 9. HP: 62/69 MP: 10/10
  3086 | D:5      | Glimpsed the power of Zot.
  3409 | D:6      | Found an opulent altar of Gozag.
  3527 | D:7      | XOM: confuse monster(s)
  3532 | D:7      | XOM: divination: detect creatures
  3649 | D:6      | Reached skill level 1 in Dodging
  3679 | D:6      | Found Aclisaab's Antique Weapon Shoppe.
  3796 | D:6      | XOM: god gift: 638 gold pieces
  3831 | D:6      | Bought a translucent whip for 225 gold pieces
  3831 | D:6      | Identified the +2 whip "Kuxeir" {antimagic, rPois rN+ Int+6
                  | Dex-5} (You bought it in a shop on level 6 of the Dungeon)
  3910 | D:7      | XOM: noise
  4023 | D:7      | Found an iron altar of Okawaru.
  4129 | D:7      | Reached skill level 13 in Maces & Flails
  4192 | D:7      | Found a stormy altar of Qazlal.
  4207 | D:7      | Reached XP level 10. HP: 79/79 MP: 3/11
  4305 | D:7      | Found a staircase to the Ecumenical Temple.
  4307 | D:7      | Glimpsed the power of Zot.
  4373 | D:7      | Glimpsed the power of Zot.
  4419 | D:8      | Found a glowing golden altar of the Shining One.
  4419 | D:8      | XOM: 3-stop teleportation journey
  4458 | D:8      | Reached skill level 5 in Armour
  4458 | D:8      | Reached skill level 5 in Shields
  4611 | D:8      | XOM: 2-stop teleportation journey
  4618 | D:8      | Noticed an orange demon
  4709 | D:8      | Noticed Amaemon
  4710 | D:8      | XOM: cast spell 'Summon Small Mammal'
  4715 | D:8      | XOM: blink monster(s)
  4735 | D:7      | Killed an orange demon
  4938 | D:7      | Glimpsed the power of Zot.
  4948 | D:8      | Amaemon changed into Amaemon the spriggan
  4948 | D:8      | Noticed Amaemon
  4948 | D:8      | XOM: polymorph Amaemon -> Amaemon the spriggan
  4953 | D:7      | XOM: torment (15/80 hp)
  4955 | D:7      | XOM: enchant monster (bad)
  4959 | D:7      | Slain by Amaemon the spriggan

Illustrated notes

Levels and vault maps discovered:
D:1:      amcnicky_arrival_abandoned_market, layout_basic, amethyst_killhole
D:2:      layout_rooms, dreamdust_ecumenical_altar_angels_and_demons,
          minmay_misc_feat_pillars, dk_noncrumbling_2, kennysheep_generic_room_9
D:3:      layout_loops_ring, st_stairs_11, nrook_mini_vaults,
          hangedman_abyss_or_decor_stabs
D:4:      layout_loops_cross, kennysheep_generic_room_11
D:5:      layout_gridville, grunt_temple_overflow_growth_and_decay,
          nicolae_shop_clearance, uniq_pikel, uniq_menkaure, uniq_edmund
D:6:      layout_cave_pools, nicolae_gozag_cash_rules_everything_around_me,
          serial_shops, nicolae_square_shop
D:7:      layout_basic, nicolae_overflow_crystal_walls,
          nicolae_qazlal_eye_of_the_storm, minmay_temple_entry_drinking_statues
D:8:      layout_gridville, minitemple, mainiacjoe_overflow_small_starburst,
          wad_mini_maze, uniq_amaemon

Skill      XL: |  1  2  3  4  5  6  7  8  9 10 |
---------------+-------------------------------+-----
Maces & Flails | 3 4 5 6 8 10 12 13 | 13.4
Fighting       | 6 7 8 |  8.3
Armour         | 4 5 |  5.4
Shields        | 4 5 |  5.4
Dodging        | 1 3 |  3.5

Action                   |  1- 3 |  4- 6 |  7- 9 | 10-12 || total
-------------------------+-------+-------+-------+-------++-------
Melee: Flail             |    68 |   128 |       |       ||   196
       Mace              |       |    58 |   185 |       ||   243
       Whip              |       |       |    35 |    97 ||   132
  Use: Scroll            |       |       |    10 |       ||    10
       Potion            |       |       |     1 |    11 ||    12
 Stab: Confused          |       |       |     2 |       ||     2
Armor: Scale mail        |    35 |    70 |   102 |    12 ||   219
       Steam dragon scal |       |       |       |    14 ||    14
Dodge: Dodged            |    22 |    67 |    72 |    38 ||   199
Block: Buckler           |    14 |    46 |    44 |    22 ||   126

Table legend: (Time is in decaauts)
 A = Elapsed time spent in this place.
 B = Non-inter-level travel time spent in this place.
 C = Inter-level travel time spent in this place.
 D = Time resting spent in this place.
 E = Time spent auto-exploring this place.
 F = Levels seen in this place.
 G = Mean time per level.
                   A        B        C        D        E       F      G
               +--------+--------+--------+--------+--------+-----+--------+
         Total |   4919 |   4744 |    175 |    759 |   2827 |   8 |  614.9 |
       Dungeon |   4919 |   4744 |    175 |    759 |   2827 |   8 |  614.9 |
               +--------+--------+--------+--------+--------+-----+--------+

Top non-repeatable levels by time:
     D:7: 872 daAuts
     D:6: 698 daAuts
     D:3: 687 daAuts
     D:4: 661 daAuts
     D:5: 609 daAuts
     D:1: 606 daAuts
     D:2: 540 daAuts
     D:8: 243 daAuts
